 Dungeon Crawl Stone Soup version 0.30-a0-918-g0ff054e9dc (webtiles) character file.

Game seed: 16595939197569985147

694 vineage the Cudgeller (level 7, -10/44 HPs)
             Began as a Gargoyle Fighter on Mar 20, 2023.
             Mangled by Edmund
             ... wielding a +2 flail of holy wrath
              (18 damage)
             ... on level 4 of the Dungeon.
             The game lasted 00:04:36 (3456 turns).

vineage the Cudgeller (Gargoyle Fighter)            Turns: 3456, Time: 00:04:37

Health: -10/44     AC: 13    Str: 26    XL:     7   Next: 64%
Magic:  7/7        EV:  8    Int:  8    God:
Gold:   276        SH:  9    Dex: 11    Spells: 6/6 levels left

rFire   . . .      SeeInvis .    a - +0 flail (chaos)
rCold   . . .      Faith    .    n - +0 kite shield
rNeg    + . .      Spirit   .    b - +0 scale mail
rPois   ∞          Reflect  .    i - +0 helmet
rElec   +          Rampage  .    (no cloak)
rCorr   .                        (no gloves)
Will    .....                    (no boots) Stlth
                                 (no amulet)
HPRegen 0.27/turn                j - +6 ring of strength
MPRegen 0.10/turn                (no ring)

@: no status effects
A: sickness immunity, AC +4, negative energy resistance 1, electricity
resistance, torment resistance 1, petrification resistance
a: no special abilities


You were on level 4 of the Dungeon.
You visited 1 branch of the dungeon, and saw 4 of its levels.
You also visited: Sewer.

You collected 276 gold pieces.

Inventory:

Hand Weapons
 a - a +0 flail of chaos (weapon)
Armour
 b - a +0 scale mail (worn)
 c - a +0 buckler
 i - a +0 helmet (worn)
 n - a +0 kite shield (worn)
Jewellery
 j - a +6 ring of strength (left hand)
 p - an amulet of guardian spirit
 s - a ring of resist corrosion
Wands
 q - a wand of digging (2)
Scrolls
 d - 2 scrolls of identify
 f - a scroll of amnesia {unknown}
 h - a scroll of fog
 r - a scroll of enchant weapon {unknown}
 t - 2 scrolls of enchant armour {unknown}
 u - a scroll of fear {unknown}
Potions
 g - 3 potions of resistance
 k - a potion of attraction {unknown}
 l - a potion of heal wounds {unknown}
 m - a potion of lignification {unknown}
 o - 3 potions of haste


   Skills:
 + Level 5.1 Fighting
 * Level 5.5 Maces & Flails
 + Level 5.1 Armour
 + Level 5.1 Shields


You had 6 spell levels left.
You didn't know any spells.
Your spell library contained the following spells:

 Spells                   Type           Power      Damage    Failure   Level
 Tukima's Dance           Hex            0%         N/A       100%        3
 Passage of Golubria      Tloc           0%         N/A       100%        4
 Yara's Violent Unravell  Hex/Tmut       0%         3d3       100%        5


Dungeon Overview and Level Annotations

Branches:
Dungeon (4/15)              Sewer (visited)
 Temple: D:4-7

Altars:
Cheibriados
Makhleb

Shops:
D:2 *

Annotations:
D:4 Edmund


Innate Abilities, Weirdness & Mutations

You are immune to sickness and miasma.
Your stone body is resilient. (AC +4)
You are immune to poison.
You resist negative energy. (rN+)
You are resistant to electric shocks. (rElec)
You are resistant to unholy torment.
You are immune to petrification.


Message History

You open the large door.
There is a large open door here.
Edmund the Younger comes into view.
He is wielding a +2 flail of holy wrath.
An iguana comes into view.
Edmund shouts!
The iguana hisses angrily.
You hit Edmund.
Edmund is lightly wounded.
Edmund hits you with a +2 flail of holy wrath.
You block Edmund's attack.
The iguana hisses menacingly.
You hit Edmund but do no damage.
Edmund goes berserk!
Edmund is lightly wounded.
Edmund closely misses you.
Edmund hits you with a +2 flail of holy wrath.
You closely miss Edmund.
Edmund is lightly wounded.
You block Edmund's attack. The iguana barely misses you.
Edmund hits you with a +2 flail of holy wrath!
You barely miss Edmund.
Edmund is lightly wounded.
Edmund hits you but does no damage.
The iguana bites you but does no damage.
Edmund hits you with a +2 flail of holy wrath!
The iguana bites you!
* * * LOW HITPOINT WARNING * * *
You feel better. You block Edmund's attack. The iguana bites you.
* * * LOW HITPOINT WARNING * * *
Edmund hits you with a +2 flail of holy wrath!
* * * LOW HITPOINT WARNING * * *
You feel better. Edmund completely misses you.
Edmund hits you with a +2 flail of holy wrath!
* * * LOW HITPOINT WARNING * * *
You block the iguana's attack. The iguana attacks as you move away!
You block the iguana's attack.
You feel better. Edmund closely misses you.
Edmund hits you with a +2 flail of holy wrath.
* * * LOW HITPOINT WARNING * * *
Edmund attacks as you move away!
Edmund hits you with a +2 flail of holy wrath!!
You die...

.# ###§§............§§#
.###.'................§.
.....§§...............'.
.#####≈..............≈#
..# #≈.####....####.≈#
..####≈.####....####.≈#
.....#≈§####....####.§#
#.####≈§####..l@####.§#
.#.###≈§.....§..@§§.§≈#
###.##§≈§≈≈§≈..≈§≈§≈≈§#
# ##.# ######''########
###.## #..#.# .#...#
#....# #.##.# ####.#
#.##.# #.# #
##.###########.#
#..[..........#


You could see Edmund (berserk) and an iguana.

Vanquished Creatures
  Eustachio (D:3)
  Pargi (Sewer)
  An ogre (D:4)
  A howler monkey (D:4)
  Terence (D:3)
  Jessica (D:3)
  A sleepcap (D:4)
  Natasha (thrice) (D:3)
  Robin (D:3)
  3 gnolls (D:3)
  5 adders
  2 river rats (D:3)
  5 worms (D:3)
  A dart slug (D:3)
  An orc (D:3)
  10 bats
  7 endoplasms
  A giant cockroach (D:1)
  9 goblins
  9 hobgoblins
  6 kobolds
  2 quokkas
  5 ball pythons
  2 frilled lizards (D:1)
  7 rats
  A bush (D:3)
87 creatures vanquished.

Vanquished Creatures (others)
  A plant (D:3)
1 creature vanquished.

Grand Total: 88 creatures vanquished

Notes
Turn   | Place    | Note
-------+----------+-------------------------------------------
     0 | D:1      | vineage the Gargoyle Fighter began the quest for the Orb.
     0 | D:1      | Reached XP level 1. HP: 14/14 MP: 1/1
   280 | D:1      | Found a faded altar of an unknown god.
   315 | D:1      | Reached XP level 2. HP: 18/19 MP: 2/2
   898 | D:2      | Reached XP level 3. HP: 23/23 MP: 3/3
  1078 | D:2      | Found Hiuq's Assorted Antiques.
  1490 | D:3      | Found a snail-covered altar of Cheibriados.
  1490 | D:3      | Found a burning altar of Makhleb.
  1665 | D:3      | Reached XP level 4. HP: 23/29 MP: 4/4
  1762 | D:3      | Found a glowing drain.
  1784 | D:3      | HP: 1/29 [river rat (6)]
  1903 | Sewer    | Entered a sewer
  1925 | Sewer    | Reached XP level 5. HP: 33/33 MP: 5/5
  1943 | Sewer    | Noticed Pargi
  1949 | Sewer    | Killed Pargi
  2055 | D:3      | Noticed Terence
  2062 | D:3      | Killed Terence
  2063 | D:3      | Reached XP level 6. HP: 39/39 MP: 6/6
  2179 | D:3      | Noticed Jessica
  2206 | D:3      | Killed Jessica
  2433 | D:3      | Noticed Natasha
  2440 | D:3      | Killed Natasha
  2575 | D:3      | Noticed Robin
  2588 | D:3      | Killed Robin
  2852 | D:3      | Noticed Natasha
  2858 | D:3      | Killed Natasha
  3061 | D:3      | Noticed Natasha
  3068 | D:3      | Killed Natasha
  3140 | D:4      | Noticed Eustachio
  3142 | D:4      | Reached XP level 7. HP: 33/44 MP: 7/7
  3173 | D:3      | Killed Eustachio
  3174 | D:3      | Reached skill level 5 in Fighting
  3174 | D:3      | Reached skill level 5 in Maces & Flails
  3303 | D:4      | Reached skill level 5 in Armour
  3303 | D:4      | Reached skill level 5 in Shields
  3442 | D:4      | Noticed Edmund
  3453 | D:4      | HP: 1/44 [Edmund/+2 flail of holy wrath (13)]
  3456 | D:4      | Mangled by Edmund

Illustrated notes

Levels and vault maps discovered:
D:1:      minmay_arrival_jagged, layout_basic,
          shapermc_ecumenical_altar_mp_highgroup
D:2:      layout_loops_ring, serial_shops, nicolae_shop_behind_doors,
          minmay_misc_feat_room
D:3:      layout_basic, minitemple, serial_forest,
          infiniplex_forest_lined_corner, infiniplex_forest_lined_corner,
          infiniplex_forest_end_2, infiniplex_forest_straight_2,
          infiniplex_forest_straight_4, infiniplex_forest_zigzag_2,
          infiniplex_forest_lined_room_3, lightli_sewer_entry_pipes,
          uniq_terence, uniq_robin, uniq_natasha, uniq_jessica
D:4:      layout_loops_ring, nicolae_gozag_zags_fifth_avenue,
          mainiacjoe_overflow_cross_hatched, kennysheep_dice, uniq_edmund,
          uniq_ijyb, uniq_eustachio

Skill      XL: |  1  2  3  4  5  6  7 |
---------------+----------------------+-----
Maces & Flails | 3 4 5 |  5.5
Fighting       | 4 5 |  5.1
Armour         | 4 5 |  5.1
Shields        | 4 5 |  5.1

Action                     |  1- 3 |  4- 6 |  7- 9 || total
---------------------------+-------+-------+-------++-------
  Melee: Flail             |    90 |   216 |    20 ||   326
    Use: Scroll            |     4 |     3 |       ||     7
         Potion            |       |     1 |     3 ||     4
   Stab: Petrified         |       |     1 |       ||     1
 Armour: Scale mail        |    51 |    96 |     6 ||   153
  Dodge: Dodged            |    44 |    66 |    11 ||   121
  Block: Buckler           |    11 |       |       ||    11
         Kite shield       |    15 |    78 |    12 ||   105

Table legend: (Time is in decaauts)
 A = Elapsed time spent in this place.
 B = Non-inter-level travel time spent in this place.
 C = Inter-level travel time spent in this place.
 D = Time resting spent in this place.
 E = Time spent auto-exploring this place.
 F = Levels seen in this place.
 G = Mean time per level.
                   A        B        C        D        E       F      G
               +--------+--------+--------+--------+--------+-----+--------+
         Total |   3614 |   3255 |    359 |    402 |   2027 |   5 |  722.8 |
       Dungeon |   3518 |   3159 |    359 |    402 |   1981 |   4 |  879.5 |
         Sewer |     96 |     96 |      0 |      0 |     46 |   1 |   96.0 |
               +--------+--------+--------+--------+--------+-----+--------+

Top non-repeatable levels by time:
     D:3: 1890 daAuts
     D:1: 791 daAuts
     D:2: 645 daAuts
     D:4: 190 daAuts
   Sewer: 96 daAuts
